[Event "14th BPB Limburg Open 2022"]
[Site "Maastricht"]
[Date "2022.06.05"]
[Round "4.6"]
[White "Freeke, Matthieu"]
[Black "Lahaye, Rick"]
[Result "0-1"]
[ECO "B94"]
[WhiteElo "2347"]
[BlackElo "2410"]
[Annotator "TA"]
[PlyCount "64"]
[EventDate "2022.06.03"]
[EventType "swiss"]
[EventCountry "NED"]
[SourceTitle "playchess.com"]
[Source "ChessBase"]
[SourceQuality "1"]
[TimeControl "7200+15"]

1. e4 c5 2. Nf3 d6 3. d4 cxd4 4. Nxd4 Nf6 5. Nc3 a6 6. Bg5 Nbd7 7. Bc4 h6 8. Bxf6 Nxf6 9. Qe2 e6 {[%emt 0:02:25] B94: Sicilian Najdorf: 6 Bg5 Nbd7.} 10. O-O-O {[%emt 0:01:24] Strongly threatening f4.} Qa5 ({Black should try} 10... Qc7 $14) 11. f4 $1 $16 Qh5 {[%emt 0:00:17] [#] White is better.} 12. Qd3 $146 ({Predecessor:} 12. Qe1 Bd7 13. f5 e5 14. Nf3 g5 15. Nd5 Nxd5 16. Bxd5 g4 17. Nd2 Rb8 18. f6 Qg5 19. Rf1 Be6 20. Kb1 h5 21. Nc4 Bxd5 22. Rxd5 b5 23. Nxe5 {1-0 (23) Becerra Rivero,J (2602)-Belliard Alonzo,L (2207) Las Vegas 2008}) 12... Nd7 {[%emt 0:26:46] Prevents e5.} (12... Qc5 $16) 13. e5 Nc5 {[%emt 0:30:23] [#]} (13... Qg4 {is a better defense.}) 14. Qd2 $1 $18 {[%emt 0:01:03] exd6 is the strong threat.} Bd7 15. b4 Na4 16. Nxa4 Bxa4 17. Bb3 $2 (17. exd6 $18 Rd8 18. Qe3 (18. Be2 Qd5 $15)) 17... Bxb3 $11 18. Nxb3 (18. axb3 $5 Rd8 19. Qc3 $11) 18... O-O-O $2 (18... d5 $11) 19. Qe3 (19. b5 $142 axb5 20. Nd4) 19... d5 {[%emt 0:07:36] [#]} 20. Rd3 $2 (20. Qa7 $1 $18 {aiming for Na5.} Qh4 21. Rd4) 20... Qh4 (20... Bxb4 $2 21. Qb6 (21. Qa7 Kc7 $14) 21... Rd7 22. Qxb4 $18) (20... Rd7 $1 $14) 21. g3 ({White should play} 21. b5 $16) 21... Qe7 $14 22. Rc3+ (22. a3 $5 ) 22... Kb8 23. Qb6 {[%emt 0:00:17] Threatens to win with Nc5.} Qd7 24. Rd1 Rc8 25. Rdd3 Be7 26. Nd4 Rxc3 27. Rxc3 {[%emt 0:00:01] Hoping for Nc6+.} Rc8 {[%emt 0:00:01] Against Nc6+} 28. Rxc8+ Qxc8 29. Kd2 Qc4 30. c3 (30. a3 $11 {remains equal.}) 30... Qxa2+ $17 31. Ke3 {[%emt 0:00:03] And now Nc6+ would win.} Qc4 {[%emt 0:00:11] Prevents Nc6+.} 32. b5 $2 (32. Kd2 $17 {is tougher.}) 32... Bc5 {[%emt 0:02:11] Weighted Error Value: White=0.55/Black=0.48} 0-1

[Event "14th BPB Limburg Open 2022"]
[Site "Maastricht"]
[Date "2022.06.05"]
[Round "4.7"]
[White "Slagboom, Leandro"]
[Black "Sankalp Gupta"]
[Result "1-0"]
[ECO "B15"]
[WhiteElo "1997"]
[BlackElo "2505"]
[Annotator "TA"]
[PlyCount "67"]
[EventDate "2022.06.03"]
[EventType "swiss"]
[EventCountry "NED"]
[SourceTitle "playchess.com"]
[Source "ChessBase"]
[SourceQuality "1"]
[TimeControl "7200+15"]

1. e4 c6 2. d4 d5 3. f3 g6 4. Nc3 Bg7 5. Be3 Nf6 6. e5 Nfd7 {[%emt 0:00:09] B15: Caro-Kann: 3 Nc3: 3...g6 and 3...dxe4 4 Nxe4 Nf6 5 Nxf6+ exf6.} 7. f4 {[%emt 0:04:38] White is more active.} b5 8. Nf3 e6 {[%emt 0:04:52] [#] White is better.} 9. a3 $146 ({Predecessor:} 9. Bd3 Nb6 10. b3 b4 11. Ne2 Ba6 12. Bxa6 Nxa6 13. O-O h5 14. Qd3 Nb8 15. c3 {½-½ (32) Sagafos,M (2059)-Mansson,L (2120) Helsinki 1999}) 9... Nb6 10. h4 h5 11. g4 Nc4 12. Bxc4 bxc4 13. gxh5 Rxh5 14. Ne2 Nd7 15. Ng3 Rh8 16. h5 Rb8 17. Rb1 c3 {[%emt 0:02:37] [#] A mistake that costs the game.} (17... Qe7 $16) 18. b3 $1 $18 Ba6 19. Kf2 Qe7 20. Qg1 {[%emt 0:13:13][%cal Of4f5] aiming for f5!} Rg8 21. f5 (21. h6 $6 Bf8 22. h7 Rh8 $18) 21... exf5 $2 (21... gxf5 22. Nxf5 exf5) 22. h6 Bf8 23. Nxf5 {[%emt 0:00:59] Chess con chili.} Qe6 24. Ng7+ ({Less strong is} 24. h7 Rh8 25. Qg5 Rb5 $18) 24... Bxg7 25. hxg7 {[%emt 0:00:01] [#] And now Rh8 would win.} Qf5 $2 (25... Kd8 {is more resistant.} 26. Qg5+ Kc7) 26. Qg5 {[%emt 0:04:02] Rh8 is the strong threat.} f6 27. Qxf5 gxf5 28. e6 Nb6 29. Nh4 (29. Bf4 Rb7 30. Rbg1 (30. Bh6 Nc8 $18) 30... Rbxg7 31. Rxg7 Rxg7 $18) 29... Ke7 30. Bf4 {[%emt 0:00:26] Threatening mate with Ng6+.} Rbe8 31. Rbe1 {[%emt 0:00:15] Intending Bc7 and mate.} Bc8 32. Nxf5+ (32. Ng6+ $142 Kd8 33. e7+ Rxe7 34. Rxe7 Be6 35. Rh8 Nd7 36. Rxe6 Kc8 37. Rxg8+ Kb7 38. Rh8) 32... Kd8 33. e7+ Kd7 34. Rh6 {[%emt 0:00:58] Weighted Error Value: White=0.12 (very precise) /Black=0.72} 1-0

[Event "14th BPB Limburg Open 2022"]
[Site "Maastricht"]
[Date "2022.06.05"]
[Round "4.8"]
[White "Zwirs, Nico"]
[Black "Wild, Achim"]
[Result "1-0"]
[ECO "C41"]
[WhiteElo "2468"]
[BlackElo "2258"]
[Annotator "TA"]
[PlyCount "123"]
[EventDate "2022.06.03"]
[EventType "swiss"]
[EventCountry "NED"]
[SourceTitle "playchess.com"]
[Source "ChessBase"]
[SourceQuality "1"]
[TimeControl "7200+15"]

1. e4 d6 2. d4 Nf6 3. Nc3 e5 4. Nf3 Nbd7 5. Bc4 Be7 6. O-O O-O 7. a4 c6 8. Re1 h6 {[%emt 0:00:05] is now debated instead of 8...b6.} 9. h3 Re8 10. Be3 {[%emt 0:01:36] C41: Philidor Defence.} exd4 11. Qxd4 Nf8 12. Rad1 {[%emt 0:06:52] White is slightly better.} Be6 13. Bf4 a6 {[%emt 1:04:16] [#]} 14. Bf1 $146 (14. Bh2 $14 {might be stronger.}) ({Predecessor:} 14. Qd3 Qb6 15. Nd4 Bxc4 16. Qxc4 d5 17. exd5 cxd5 18. Qb3 Bc5 {½-½ (18) Druska,J (2515)-Berkes,F (2661) Skalica 2020}) 14... d5 $1 $11 15. e5 N6d7 16. Ne2 Ng6 17. Bg3 Qa5 18. Ra1 c5 19. Qd1 Rad8 20. Nf4 Nxf4 21. Bxf4 Nf8 22. Bd3 d4 {[%emt 0:01:34] Prevents c3.} (22... c4 $11 23. Bf1 Bc5) 23. Nd2 $14 Qc7 {[%emt 0:06:15] [#] aiming for ...c4.} 24. b3 {[%emt 0:03:57] Against c4} Qc6 25. a5 Bd5 26. Ne4 Ne6 27. Bd2 Ng5 28. Bxg5 hxg5 29. Qg4 Qh6 30. Nd2 (30. Nd6 $5) 30... Bf8 31. Nc4 Be6 32. Qf3 Qh4 (32... Bd5 $11 33. Be4 Bxc4 34. bxc4 Rxe5) 33. Bf5 {[%emt 0:02:03] White is more active.} (33. Nd6 $16 Bxd6 34. exd6) 33... Bxc4 (33... Qf4 $11 {remains equal.} 34. Be4 Qxf3 35. Bxf3 Rd7) 34. bxc4 $16 {[%emt 0:00:01] Strongly threatening g3.} g6 (34... Qf4 $142) 35. Be4 (35. Bg4 $16) 35... Rxe5 $11 36. Bxb7 Rf5 37. Qg3 (37. Qe2 {looks sharper.} Rf6 38. Qd2 Bd6 39. Re4) 37... Qxg3 38. fxg3 Rf6 39. Rab1 Kg7 40. Rf1 Rxf1+ 41. Kxf1 {[%emt 0:00:02][%mdl 4096] Endgame KRB-KRB} Rb8 42. Rb6 Be7 43. Bxa6 Ra8 44. Rc6 Bd8 45. Bb5 {[%emt 0:00:10] [#] Hoping for a6.} Bxa5 46. Rxc5 Ra7 47. Rxg5 ({White should play} 47. Bc6 $14) 47... f5 {[%emt 0:00:02] ...Bd8 is the strong threat.} 48. Be8 Ra6 49. Bxg6 Rxg6 50. Rxf5 {[%emt 0:00:01] KRB-KR} Bc3 51. c5 Ra6 52. Ke2 Ba1 53. g4 Ra2 54. Kd2 Ra3 $1 55. Rf3 Ra5 56. Rf5 {[%emt 0:00:02] And now c6 would win.} Ra3 57. c6 {[%emt 0:00:33] Threatens to win with c7.} Rc3 $2 {[%emt 0:00:07][%mdl 8192] A mistake that costs the game.} (57... Re3 $11 58. c4 Bc3+ 59. Kc2 Re2+ 60. Kb3 (60. Kd3 Rd2+ 61. Ke4 Re2+ 62. Kd5 d3 $11) 60... Rb2+ 61. Ka3 Rb8) 58. Ra5 $18 {[%emt 0:00:02] White is clearly winning.} Bb2 59. Rb5 Ba3 60. Rb3 Rxb3 61. cxb3 {[%emt 0:00:01] White wants to mate with c7.} Bd6 62. Kd3 {[%emt 0:00:03] Weighted Error Value: White=0.20 (precise) /Black=0.28 (precise)} 1-0

[Event "14th BPB Limburg Open 2022"]
[Site "Maastricht"]
[Date "2022.06.05"]
[Round "4.9"]
[White "Noiroux, Kevin"]
[Black "Braun, Christian"]
[Result "0-1"]
[ECO "D00"]
[WhiteElo "2215"]
[BlackElo "2426"]
[Annotator "TA"]
[PlyCount "78"]
[EventDate "2022.06.03"]
[EventType "swiss"]
[EventCountry "NED"]
[SourceTitle "playchess.com"]
[Source "ChessBase"]
[SourceQuality "1"]
[TimeControl "7200+15"]

1. d4 Nf6 2. Nf3 g6 3. Nc3 d5 4. Bf4 Bg7 5. e3 O-O 6. Be2 c5 7. dxc5 {[%emt 0:00:04] The modern move.} Nbd7 8. Nxd5 {[%emt 0:00:08] D00: 1 d4 d5: Unusual lines.} Nxd5 9. Qxd5 Bxb2 10. O-O $1 {[%emt 0:00:04] The position is equal.} Bxa1 11. Rxa1 Qa5 12. Bh6 Qxc5 13. Qb3 b6 14. Rd1 Nf6 15. Ng5 $40 {[%emt 0:05:26][%cal Ob3f7][%mdl 128] Inhibits Be6. White threatens Qxf7+! and mate. White mounts an attack.} Bf5 16. Bc4 {[%emt 0:05:13][%cal Rc4f7] A strong pair of Bishops.} e6 $1 {[%emt 0:00:06] [#]} 17. Qb2 $146 ({Predecessor:} 17. Qc3 Nh5 18. Rd4 b5 19. Bxf8 Rxf8 20. Nxf7 e5 21. Nh6+ Kh8 22. Rd5 Qxc4 23. Qxe5+ Ng7 24. Nf7+ {½-½ (24) Brousek,J (2270)-Koestner,W (2262) ICCF email 2017}) 17... Nh5 18. Bb3 Rad8 19. Rf1 Rc8 $2 (19... e5 $11 {and Black stays safe.}) 20. e4 $18 Bg4 21. h3 $1 (21. Bxf8 Qxg5 22. f4 Qa5 $17) 21... Be2 22. Re1 Qd6 (22... Bc4 $142) 23. Bxf8 $2 (23. g4 $1 $18 Qd2 24. Qa1 (24. Rxe2 Qxe2 25. gxh5 Qe1+ 26. Kg2 Qc3 $16)) 23... Rxf8 $14 24. c4 Bd3 {[%emt 0:02:10] [#]} (24... Qf4 $11) 25. Rd1 (25. Nf3 $142 $1) 25... Rd8 (25... Qe7 $16 {keeps fighting.}) 26. Qd2 $18 Nf4 {[%emt 0:03:29] [#]} 27. g3 (27. Nf3 $1 $16 {e5 is the strong threat.} e5 28. g3 Nxh3+ 29. Kg2) 27... Ne2+ $11 28. Kg2 {[%emt 0:00:24] aiming for Bc2.} Qc5 29. Nf3 b5 $1 30. Qxe2 $2 {[%emt 0:00:46][%mdl 8192] White does not recover from this.} Bxe2 $19 31. Rxd8+ Kg7 32. cxb5 Qc1 {[%emt 0:03:36] Against Bd1. ( -> ...Qf1+)} 33. Nd2 {[%emt 0:00:02] Against Qf1+} (33. Nh2 $142) 33... Bxb5 {[%emt 0:00:47] White must now prevent ...a5. Black is clearly winning.} 34. a4 Bc6 (34... Qc7 $142 35. Rd4 Qc3) 35. f3 (35. Kf3 $142) 35... Qe1 {[%emt 0:00:40][%cal Oc6d5] Strongly threatening ...Bd5!} 36. h4 a5 37. Rd6 {[%emt 0:00:07] [#]} Bd5 $1 38. exd5 (38. e5 Qxe5) 38... Qxd2+ 39. Kh3 Qb4 {[%emt 0:00:11][%csl LRb3,LRd6] Weighted Error Value: White=0.80/Black=0.46} 0-1

[Event "14th BPB Limburg Open 2022"]
[Site "Maastricht"]
[Date "2022.06.05"]
[Round "4.10"]
[White "Ondersteijn, Niels"]
[Black "Pham, Khoi"]
[Result "1/2-1/2"]
[ECO "A12"]
[WhiteElo "2376"]
[BlackElo "2291"]
[Annotator "TA"]
[PlyCount "91"]
[EventDate "2022.06.03"]
[EventType "swiss"]
[EventCountry "NED"]
[SourceTitle "playchess.com"]
[Source "ChessBase"]
[SourceQuality "1"]
[TimeControl "7200+15"]

1. b3 d5 2. Bb2 Bf5 3. Nf3 e6 4. c4 c6 5. g3 h6 6. Bg2 Nf6 7. O-O Be7 8. d3 O-O 9. Nbd2 Nbd7 {[%emt 0:01:20] 9...a5 is more fashionable.} 10. a3 a5 11. Ra2 Qc7 {[%emt 0:14:12] A12: English Opening: 1...c6 with b3 by White.} 12. Qa1 Rfd8 13. Rc1 {[%emt 0:13:46] [#]} Qb6 $146 {[%emt 0:06:31] The position is equal.} ({Predecessor:} 13... Ne8 14. Nd4 dxc4 15. Nxf5 exf5 16. bxc4 Nc5 17. Be5 Bd6 18. Bxd6 Qxd6 19. Rb1 Nc7 {1-0 (52) Johansen,D (2420)-Bukhalaf,K Khanty-Mansiysk 2010}) 14. Bc3 Qa6 15. cxd5 cxd5 16. a4 Bg6 17. Rac2 Ne8 18. Nd4 Nc5 19. N2f3 Bf6 20. Qa3 Qb6 21. Nb5 {[%emt 0:07:34] [#] Threatens to win with Bxf6.} Na6 22. Bxf6 Nxf6 23. Ne5 {[%emt 0:00:46] Against Ng4} Bh5 24. Qb2 Nb4 25. Rc7 Na6 26. R7c2 {[%emt 0:02:47] 0x0.0022fa085959dp-1022s more active pieces.} Nb4 27. Rc3 Ng4 28. Nxg4 Bxg4 29. Rc7 {[%emt 0:01:13][%cal Oc7f7] next Rxf7! is good for White.} Nc6 30. h3 Bf5 31. g4 Bg6 32. Qc3 Rac8 33. Rxc8 Rxc8 34. Qc5 Qxc5 35. Rxc5 b6 36. Rc1 {[%emt 0:00:44] [#] Black must now prevent Nd6.} Na7 37. Rxc8+ Nxc8 $11 {[%emt 0:00:04][%mdl 4096] Endgame KBN-KBN} 38. f4 Kf8 39. Kf2 Ke7 40. Nd4 Kd6 41. Ke3 Kc5 42. Nc2 Nd6 43. Kd2 b5 44. axb5 (44. e3 $11) 44... Nxb5 $15 45. e3 $1 d4 46. e4 {[%emt 0:00:33] Weighted Error Value: White=0.10 (very precise) /Black=0.06 (flawless)} 1/2-1/2

[Event "14th BPB Limburg Open 2022"]
[Site "Maastricht"]
[Date "2022.06.05"]
[Round "4.11"]
[White "De Rover, Yong Hoon"]
[Black "Kucharska, Honorata"]
[Result "1/2-1/2"]
[ECO "C18"]
[WhiteElo "2365"]
[BlackElo "2181"]
[Annotator "TA"]
[PlyCount "110"]
[EventDate "2022.06.03"]
[EventType "swiss"]
[EventCountry "NED"]
[SourceTitle "playchess.com"]
[Source "ChessBase"]
[SourceQuality "1"]
[TimeControl "7200+15"]

1. e4 {[%emt 0:01:59] Pavlovic,M} e6 2. d4 d5 3. Nc3 Bb4 4. e5 c5 5. a3 Bxc3+ 6. bxc3 Qa5 7. Bd2 Qa4 8. Qb1 c4 9. h4 Nc6 {[%emt 0:01:44] C18: French: 3 Nc3 Bb4: Main line: 7 h4 and 7 Qg4.} 10. h5 h6 11. Nf3 Bd7 12. Be2 (12. Qxb7 Rb8 13. Qc7 Nge7 $19) 12... O-O-O 13. Nh4 Nge7 {[%emt 0:02:58] [#]} 14. g3 $146 ({Predecessor:} 14. Qc1 Rdf8 15. Bf4 Qa5 16. Bd2 g5 17. Nf3 f6 18. exf6 Rxf6 19. O-O Qc7 20. Nh2 {0-1 (38) Radjabov,T (2739)-Kovalenko,I (2694) Reykjavik 2015 CBM 170 [Pavlovic,M]}) 14... Rdg8 15. Qc1 a6 16. Ng2 g5 (16... f6 $11 {remains equal.}) 17. Ne3 $16 Rf8 18. Ng4 $1 Ng8 19. f4 gxf4 20. Bxf4 Qa5 {[%emt 0:00:16] White must now prevent ...f5.} 21. Qe3 Nce7 22. O-O (22. Nxh6 $2 Nxh6 23. g4 (23. Bxh6 $2 Nf5 $19) 23... Nhg8 $19) 22... Nf5 23. Qd2 Kb8 24. Nf6 Bc6 (24... Nxf6 $2 25. exf6+ Ka8 26. g4 $18) 25. g4 Nfe7 26. a4 {[%emt 0:12:39] White is much more active.} Ka8 27. Rfb1 (27. Qc1 $16) 27... Nc8 28. Rb4 (28. Nxg8 $14 Rfxg8 29. Rf1 (29. Bxh6 Qd8 $11)) 28... Nd6 $11 {[%emt 0:02:34] Hoping for ...Nxf6.} 29. Nxg8 (29. exd6 Nxf6 30. Kg2 (30. Bxh6 $2 Rfg8 $19) 30... Qd8 $17) (29. Bf3 $11 Nxf6 30. exf6) 29... Ne4 $15 30. Qe3 Rfxg8 31. Kh2 ({Not} 31. Bxh6 $2 Rxh6 $1 32. Kh2 (32. Qxh6 $2 {is the wrong capture.} Nxc3 33. Bf3 Qxb4 $19) 32... Qd8 $1 $19) 31... Qd8 {[%emt 0:08:40] Strongly threatening ...Qh4+.} 32. Kh3 {[%emt 0:02:12] Against Qh4+} f6 33. exf6 Qxf6 34. Rf1 ({White should try} 34. a5 $15) 34... Qe7 (34... Qd8 $17) 35. Bf3 {[%emt 0:04:12] [#]} (35. a5 $15) 35... Ng5+ $1 $17 36. Bxg5 (36. Kg3 $17) 36... Rxg5 $19 37. Re1 Rf8 38. a5 $2 (38. Rb6) 38... Qf6 39. Rf1 Rfg8 {[%emt 0:00:40][%cal Og5g4] aiming for ...Rxg4!} 40. Be2 Qg7 41. Rf2 $2 ({Avoid the trap} 41. Qxe6 $2 {[#]} Rxh5+ $3 42. Kg2 Re8 $19) (41. Rg1) 41... Rxg4 {[%emt 0:01:39] ( -> ...Rg3+)} 42. Rf8+ Qxf8 43. Bxg4 Qf1+ 44. Kg3 Qf5 45. Qe2 Qxh5 {[%emt 0:00:43] And now ...Qh1 would win.} 46. Qxe6 Qg6 $2 (46... Qg5 $19 {and Black stays clearly on top.} 47. Rb6 Bb5 48. Rxb5 axb5) 47. Qxg6 $17 Rxg6 {[%emt 0:00:04][%mdl 4096] Endgame KRB-KRB} 48. Kf4 (48. Kf3 $17) 48... Ka7 $2 (48... Rf6+ $19 49. Ke5 Rf1) 49. Rb1 $1 $11 Rf6+ 50. Ke3 (50. Ke5 $11 Rg6 51. Kf4) 50... Be8 ({Better is} 50... Ba4 $17 51. Rc1 b6) 51. Bf3 {[%emt 0:01:08] The position is equal.} Bf7 52. Rg1 $1 Kb8 53. Rg7 Kc8 54. Rh7 Kd8 55. Rh8+ Kc7 {[%emt 0:19:15] Whites escaped into a draw.  Weighted Error Value: White=0.49/Black=0.43} 1/2-1/2

[Event "14th BPB Limburg Open 2022"]
[Site "Maastricht"]
[Date "2022.06.05"]
[Round "4.12"]
[White "Rebers, Eugene"]
[Black "Kopylov, Daniel"]
[Result "0-1"]
[ECO "A03"]
[WhiteElo "2194"]
[BlackElo "2292"]
[Annotator "TA"]
[PlyCount "50"]
[EventDate "2022.06.03"]
[EventType "swiss"]
[EventCountry "NED"]
[SourceTitle "playchess.com"]
[Source "ChessBase"]
[SourceQuality "1"]
[TimeControl "7200+15"]

1. f4 Nf6 2. Nf3 g6 3. g3 Bg7 4. Bg2 O-O 5. O-O c5 6. d3 d5 7. c3 {[%emt 0:00:08] The main line 7.c3 scores better than 7.Qe1.} Nc6 8. Na3 b6 9. Bd2 {[%emt 0:01:01] A03: Bird's Opening with 1...d5.} Bb7 {[%emt 0:01:35] [#]} 10. b4 $146 ({Predecessor:} 10. Qe1 Rc8 11. Rd1 Qc7 12. h3 Rcd8 13. g4 e5 14. Nb5 Qe7 15. Nxe5 Nxe5 16. fxe5 Qxe5 {½-½ (93) Sattarov,B (2396)-Tashkhodzhaev,A (2125) Tashkent 2018}) 10... cxb4 11. cxb4 {[%emt 0:00:13] The position is equal.} Ng4 12. Rb1 b5 13. e3 Qb6 14. Qe2 e5 15. fxe5 d4 (15... Ngxe5 $11 16. Nxe5 Nxe5) 16. e4 (16. Nxd4 $14 {stays ahead.} Nxd4 17. Qxg4 Bxg2 18. Kxg2) 16... Ncxe5 $17 17. Nxe5 Nxe5 18. Rfc1 (18. Nc2 $142) 18... Rfc8 {[%emt 0:05:20] Black is more active.} 19. Rc5 (19. Nc2 $17) 19... Rxc5 $19 20. bxc5 Qxc5 21. Rxb5 (21. Nxb5 {was called for.} Rb8 22. Qf1) 21... Qxa3 22. Rxb7 Qxa2 {[%emt 0:00:43] [#] White must now prevent ...Bh6.} (22... Qxd3 23. Qxd3 Nxd3 24. e5 Nxe5 25. Rxf7 Kxf7 26. Bxa8 $15) 23. Qd1 Nxd3 24. e5 (24. Bf1 $142 Nc5 25. Rc7 Nxe4 26. Qf3) 24... Rc8 ({Weaker is} 24... Bxe5 25. Qe2 Nc5 26. Qxe5 Qxd2 27. Rxf7 Qe3+ 28. Qxe3 dxe3 29. Bd5 $11) ({Not} 24... Nxe5 25. Rxf7 Rb8 26. Rb7 Rxb7 27. Bxb7) (24... Re8 $19 25. Qb3 Qxb3 26. Rxb3 Nxe5) 25. Qg4 $2 (25. Bh3 $17 Re8 26. e6 fxe6 27. Qf1) 25... Rc1+ {[%emt 0:01:06] Weighted Error Value: White=0.82/Black=0.24 (precise)} ({Inferior is} 25... Rc2 26. Rb8+ Bf8 27. Qxd4 $11) 0-1

[Event "14th BPB Limburg Open 2022"]
[Site "Maastricht"]
[Date "2022.06.05"]
[Round "4.13"]
[White "Fischer, Daniel"]
[Black "Bentel, Robin"]
[Result "1-0"]
[ECO "B90"]
[WhiteElo "2367"]
[BlackElo "2218"]
[Annotator "TA"]
[PlyCount "69"]
[EventDate "2022.06.03"]
[EventType "swiss"]
[EventCountry "NED"]
[SourceTitle "playchess.com"]
[Source "ChessBase"]
[SourceQuality "1"]
[TimeControl "7200+15"]

1. e4 c5 2. Nf3 d6 3. d4 cxd4 4. Nxd4 Nf6 5. Nc3 a6 6. Be3 e5 7. Nb3 Be7 8. h3 {[%emt 0:00:39] B90: Sicilian Najdorf: Unusual White 6th moves, 6 Be3 Ng4 and 6 Be3 e5.} Be6 9. f4 exf4 (9... Nc6 $5 ) 10. Bxf4 {[%emt 0:00:04] The position is equal.} Nc6 11. Qe2 Nd7 12. O-O-O Nde5 13. Kb1 O-O 14. g4 b5 15. Nd5 {[%emt 0:10:19] [#]} a5 $146 (15... Bg5 $11 {should be considered.}) ({Predecessor:} 15... b4 16. Qg2 a5 17. Bb5 Na7 18. Ba4 Nc4 19. g5 Bxd5 20. exd5 Nb6 21. Bc6 Nxc6 22. dxc6 {1-0 (31) Stukopin,A (2517)-Narayanan,S (2475) Pardubice 2013}) 16. Qxb5 $14 a4 17. Nd4 {[%emt 0:07:37][%cal Bb3d4,Bd4b5,Bb5d6,Bd6c4][%mdl 32] White is much more active.} Bxd5 18. Qxd5 {[%emt 0:17:33] White leaves nothing to chance now.} (18. exd5 $6 Nxd4 19. Rxd4 a3 $11) 18... Ra5 {[%emt 0:13:26] [#]} 19. Nb5 $1 (19. Nxc6 Rxd5 20. Nxe7+ (20. exd5 Nxc6 21. dxc6 Qb6 $17) 20... Qxe7 $17) 19... Bg5 (19... Qb6 $142) 20. Bxg5 $16 Qxg5 21. Qd2 $36 {[%emt 0:00:54][%mdl 2048] Black is under strong pressure.} (21. Qxd6 $2 Rd8 22. Qxd8+ Nxd8 $19) 21... Qe7 22. Be2 (22. Nxd6 Rd8) 22... Rb8 23. Nxd6 Qc7 (23... Rc5 $142 24. Rhf1 Qc7) 24. Qe3 a3 {[%emt 0:09:01] [#]} (24... Nd8 $16 25. h4 Rc5) 25. b3 $1 $18 (25. Nb5 Rbxb5 26. Bxb5 Rxb5 $17) 25... Nb4 26. c3 Nxa2 27. Kxa2 {[%emt 0:01:50] Chess con chili.} Rxb3 28. Nc4 ({Stronger than} 28. Kxb3 Qb8+ 29. Nb5 Rxb5+ 30. Ka4 (30. Bxb5 $2 Qxb5+ 31. Kxa3 Nc4+ 32. Ka2 Qb2#) 30... Rb2 $17) 28... Rab5 29. Qd4 {[%emt 0:02:49] Threatening mate with Qd8+.} ({Resist} 29. Nxe5 Rb2+ 30. Ka1 Rxe2 $18) 29... Rb8 {[%emt 0:03:18] Inhibits Qd8+.} (29... Rb2+ $2 30. Nxb2 Rxb2+ 31. Ka1 $18) 30. Qxe5 Rb2+ 31. Ka1 (31. Kxa3 $2 {is a self mate.} R8b3+ 32. Ka4 Qc6+ 33. Ka5 Qa8#) 31... Qb7 {[%emt 0:00:34] [#]} (31... Qxe5 $142 32. Nxe5 Rxe2) 32. Qa5 $1 {[%emt 0:01:33] Rd8+ would kill now. White is clearly winning.} h6 33. Rd8+ Rxd8 34. Qxd8+ Kh7 {[%emt 0:00:03] ( -> ...Qb3)} 35. Qd1 {[%emt 0:00:57] Weighted Error Value: White=0.05 (flawless) /Black=0.23 (precise)} 1-0

[Event "14th BPB Limburg Open 2022"]
[Site "Maastricht"]
[Date "2022.06.05"]
[Round "4.14"]
[White "Decoster, Frederic"]
[Black "Bruil, Rembrandt"]
[Result "1/2-1/2"]
[ECO "B35"]
[WhiteElo "2293"]
[BlackElo "2122"]
[Annotator "TA"]
[PlyCount "88"]
[EventDate "2022.06.03"]
[EventType "swiss"]
[EventCountry "NED"]
[SourceTitle "playchess.com"]
[Source "ChessBase"]
[SourceQuality "1"]
[TimeControl "7200+15"]

1. e4 c5 2. Nf3 Nc6 3. d4 cxd4 4. Nxd4 g6 5. Nc3 Bg7 6. Be3 Nf6 7. Bc4 O-O 8. Bb3 Re8 {[%emt 0:00:15] B35: Sicilian: Accelerated Dragon with 5 Nc3: main line.} 9. Nxc6 dxc6 10. Qxd8 Rxd8 {[%emt 0:00:15] White has an edge.} 11. a4 {[%emt 0:00:15] Prevents b5.} Ng4 12. Bg5 h6 13. Bxe7 Bxc3+ 14. bxc3 Re8 15. Ba3 Rxe4+ {[%emt 0:00:15] [#]} 16. Kd2 $146 {[%emt 0:00:15] [#] aiming for f3.} ({Predecessor:} 16. Kf1 Re8 17. f3 Ne3+ 18. Kf2 Bf5 19. Bc1 Nd5 20. Bxh6 Nxc3 21. Rae1 Be6 22. Bxe6 Rxe6 23. Rxe6 fxe6 {1-0 (57) Simacek,P (2502)-Zwardon,V (2455) Czech Republic 2018}) 16... Re8 (16... Nxf2 $2 17. Rhf1 $18) 17. Rhe1 (17. f3 $5 Rd8+ 18. Ke2 Re8+ 19. Kf1 $14) 17... Be6 18. Re2 Rad8+ ({Resist} 18... Nxh2 19. Rae1 $14) 19. Ke1 Bxb3 (19... Nxh2 20. f3 $16) 20. cxb3 Rxe2+ ({Don't play} 20... Nxh2 21. f3 $16) 21. Kxe2 $11 {[%emt 0:00:15][%mdl 4096] Endgame KRB-KRN} Re8+ 22. Kf3 Ne5+ 23. Kg3 Rd8 {[%emt 0:00:15] Inhibits Rd1.} 24. Re1 Rd3+ 25. Re3 Rxe3+ 26. fxe3 {[%emt 0:00:15] KB-KN} f6 27. e4 Kf7 28. Kf4 h5 29. h3 Ke6 30. Ke3 g5 31. c4 Ng6 32. Kf3 Nf4 33. Bc5 b6 34. Be3 Nd3 35. a5 Ne5+ 36. Ke2 {[%emt 0:00:15][%cal Oe3b6] Strongly threatening Bxb6!} c5 37. axb6 axb6 38. Bd2 Nc6 {[%emt 0:00:15] [#] White must now prevent ...Nd4+.} 39. Kd3 Nd4 40. b4 Nc6 41. bxc5 bxc5 42. Be3 Ne5+ 43. Kc3 Kd6 44. Bf2 Nd7 {[%emt 0:00:15] Weighted Error Value: White=0.05 (flawless) /Black=0.02 (flawless)} (44... h4 $5 ) 1/2-1/2